 Dungeon Crawl Stone Soup version 0.31-a0-654-gbe3e110b4e (webtiles) character file.

Game seed: 11586322426974021059

451 ryw the Ruffian (level 6, -7/61 HPs)
             Began as a Troll Fighter on Aug 30, 2023.
             Was a Follower of Okawaru.
             Mangled by a komodo dragon (22 damage)
             ... on level 6 of the Dungeon.
             The game lasted 00:05:56 (3385 turns).

ryw the Ruffian (Troll Fighter)                     Turns: 3385, Time: 00:05:57

Health: -7/61      AC: 14    Str: 27    XL:     6   Next: 75%
Magic:  5/5        EV:  2    Int:  4    God:    Okawaru [*.....]
Gold:   343        SH:  8    Dex:  9    Spells: 5/5 levels left

rFire   + .          .
                       - Unarmed
rCold   + . .        b - +0 kite shield
rNeg    . . .        s - +0 gold dragon scales
rPois   +            (helmet restricted)
rElec   .            g - scarf {shadows}
rCorr   .            (gloves unavailable)
SInv    .            (boots unavailable)
Will    .....        (no amulet) Stlth
                     (no ring)
HPRegen 1.10/turn    (no ring)
MPRegen 0.09/turn

%: no passive effects
@: mighty
A: large, unfitting armour, claws 3, regeneration 1, shaggy fur 1, tough skin 1
a: Renounce Religion, Heroism


You were on level 6 of the Dungeon.
You worshipped Okawaru.
Okawaru was aware of your devotion.
You visited 2 branches of the dungeon, and saw 7 of its levels.

You collected 343 gold pieces.

Inventory:

Armour
 b - a +0 kite shield (worn)
 e - a +1 cloak
 g - a scarf of shadows (worn)
 s - +0 gold dragon scales (worn)
Jewellery
 B - an amulet of regeneration
Talismans
 q - a beast talisman
Scrolls
 a - 2 scrolls of vulnerability {unknown}
 h - 3 scrolls of fog {unknown}
 i - 2 scrolls of teleportation {unknown}
 j - a scroll of enchant weapon {unknown}
 k - 6 scrolls of identify {unknown}
 l - 2 scrolls of immolation
 m - a scroll of butterflies {unknown}
 o - a scroll of amnesia {unknown}
 p - a scroll of torment {unknown}
 u - a scroll of enchant armour {unknown}
 v - a scroll of revelation {unknown}
 x - a scroll of poison {unknown}
Potions
 d - 4 potions of curing {unknown}
 f - a potion of haste {unknown}
 n - a potion of enlightenment {unknown}
 r - a potion of resistance {unknown}
 t - a potion of lignification {unknown}
 w - a potion of ambrosia {unknown}
 z - a potion of berserk rage {unknown}
 A - a potion of attraction {unknown}


   Skills:
 + Level 3.5 Fighting
 + Level 0.0 Throwing
 + Level 1.7 Armour
 - Level 3.0 Dodging
 + Level 3.9 Shields
 * Level 4.7 Unarmed Combat
 + Level 0.1 Invocations


You had 5 spell levels left.
You didn't know any spells.
Your spell library contained the following spells:

 Spells                   Type           Power      Damage    Failure   Level
 Slow                     Hex            0%         N/A       100%        1
 Confusing Touch          Hex            0%         N/A       100%        3
 Dazzling Flash           Conj/Hex       0%         N/A       100%        3
 Ozocubu's Armour         Ice            0%         N/A       100%        3
 Portal Projectile        Hex/Tloc       0%         N/A       100%        3
 Vampiric Draining        Necr           0%         2d6       100%        3
 Leda's Liquefaction      Hex/Erth       0%         N/A       100%        4
 Passage of Golubria      Tloc           0%         N/A       100%        4
 Agony                    Necr           0%         N/A       100%        5
 Silence                  Hex/Air        0%         N/A       100%        5
 Yara's Violent Unravell  Hex/Tmut       0%         3d3       100%        5
 Ozocubu's Refrigeration  Ice            0%         4d7       100%        7
 Call Canine Familiar     Summ           Unusable   N/A       N/A         3
 Tukima's Dance           Hex            Unusable   N/A       N/A         3

Dungeon Overview and Level Annotations

Branches:
Dungeon (6/15)             Temple (1/1) D:4

Altars:
Ashenzari
Dithmenos
Elyvilon
Gozag
Kikubaaqudgha
Makhleb
Okawaru
Qazlal
Sif Muna
Trog
Uskayaw
Xom
Zin


Innate Abilities, Weirdness & Mutations

You are too large for most types of armour.
You have claws for hands.
Your natural rate of healing is unusually fast.
You are covered in fur. (AC +1)
You have tough skin. (AC +1)


Message History

Press: ? - help, Q - select action, (/) - cycle Shift-Dir - straight line, f/p - komodo dragon
Aim: a komodo dragon (lightly wounded, 59% to hit)
You throw a javelin.
The javelin pierces through the komodo dragon but does no damage.
The komodo dragon is lightly wounded.
The komodo dragon bites you!
You scratch the komodo dragon but do no damage.
The komodo dragon is lightly wounded.
The komodo dragon bites you but does no damage.
You closely miss the komodo dragon.
The komodo dragon is lightly wounded.
The komodo dragon bites you but does no damage.
You closely miss the komodo dragon.
The komodo dragon is lightly wounded.
You block the komodo dragon's attack.
You barely miss the komodo dragon.
The komodo dragon is lightly wounded.
You block the komodo dragon's attack.
You barely miss the komodo dragon.
The komodo dragon is lightly wounded.
The komodo dragon bites you but does no damage.
You scratch the komodo dragon.
The komodo dragon is lightly wounded.
The komodo dragon bites you!
You barely miss the komodo dragon.
The komodo dragon is lightly wounded.
The komodo dragon bites you!
You closely miss the komodo dragon.
The komodo dragon is lightly wounded.
The komodo dragon bites you!
You scratch the komodo dragon.
The komodo dragon is lightly wounded.
The komodo dragon bites you!
* * * LOW HITPOINT WARNING * * *
You barely miss the komodo dragon.
The komodo dragon is lightly wounded.
The komodo dragon bites you but does no damage.
You feel very mighty all of a sudden. The komodo dragon bites you!!
You die...

#....# #.########
#..........(#
#..########$# # #..#
#.# # ## #..# #.#.#
.#####..########.#.#
................l..#
.######.###### #@#
## #.# #.# # #.# #.#
#.# #.# #.########.#
#..........#
############


You could see a komodo dragon.

Vanquished Creatures
  A shadow (D:6)
  2 orc priests
  2 sleepcaps (D:6)
  7 gnolls
  4 adders
  An ufetubus (D:4)
  3 worms
  2 dart slugs (D:3)
  4 orcs
  4 endoplasms
  3 giant cockroaches
  9 goblins
  3 hobgoblins
  2 jackals (D:3)
  5 quokkas
  4 ball pythons
  4 bats
  2 frilled lizards (D:2)
  6 kobolds
  6 rats
74 creatures vanquished.

Notes
Turn   | Place    | Note
-------+----------+-------------------------------------------
     0 | D:1      | ryw the Troll Fighter began the quest for the Orb.
     0 | D:1      | Reached XP level 1. HP: 22/22 MP: 0/0
   311 | D:1      | Reached XP level 2. HP: 29/29 MP: 1/1
   913 | D:2      | Found a faded altar of an unknown god.
   935 | D:2      | Reached XP level 3. HP: 36/36 MP: 2/2
  1071 | D:2      | Reached skill level 3 in Unarmed Combat
  1532 | D:3      | Reached XP level 4. HP: 44/44 MP: 3/3
  2598 | D:4      | Reached XP level 5. HP: 53/53 MP: 4/4
  2760 | D:4      | Found a staircase to the Ecumenical Temple.
  2770 | Temple   | Entered the Ecumenical Temple
  2787 | Temple   | Became a worshipper of Warmaster Okawaru
  2871 | D:5      | Entered Level 5 of the Dungeon
  2905 | D:5      | Reached skill level 1 in Armour
  2915 | D:4      | Reached skill level 4 in Unarmed Combat
  3038 | D:4      | You fall into a shaft and drop 2 floors!
  3047 | D:6      | Noticed a shadow
  3061 | D:6      | Killed a shadow
  3061 | D:6      | Reached * piety under Okawaru
  3062 | D:6      | Reached XP level 6. HP: 60/61 MP: 5/5
  3371 | D:6      | Noticed a komodo dragon
  3385 | D:6      | Mangled by a komodo dragon

Illustrated notes

Levels and vault maps discovered:
D:1:      dpeg_arrival_water_altar, layout_basic, corexii_leaking_fountain,
          dreamdust_mushroom_princess, nrook_loot_triangle,
          ebering_dispersal_statue_hall
D:2:      layout_basic, hellmonk_ecumenical_altar_blasted, wad_floor_pattern_1
D:3:      layout_basic, serial_co_window_serial, co_window_paths_b,
          co_window_paths_a, co_window_corner_a, co_window_paths_a,
          co_window_paths_a, co_window_corner_a, co_window_paths_b,
          co_window_of_opportunity_b, co_window_2corner, co_window_corner_ca,
          co_window_broadway_b, co_window_corner_b, co_window_of_opportunity_b,
          glass_columns_c, glass_columns_b, glass_columns_b
D:4:      dreamdust_elfheim, layout_cave_pools, lemuel_zombie_altar_yredelemnul,
          minmay_temple_entry_sparse_star, kennysheep_orc_chapel
D:5:      layout_loops_ring, kennysheep_mini_moat,
          lemuel_coloured_pillars_altar, uniq_prince_ribbit1, uniq_duvessa
D:6:      layout_loops_ring, chequers_serial_rivers_micro_e
Temple:   hellmonk_temple_forest_ring

Skill      XL: |  1  2  3  4  5 |
---------------+----------------+-----
Shields        | 3 |  3.9
Unarmed Combat | 3 4 |  4.7
Fighting       | 3 |  3.5
Dodging        | 3 |  3.0
Armour         | 1 |  1.7
Invocations    | |  0.1

Action                     |  1- 3 |  4- 6 || total
---------------------------+-------+-------++-------
  Melee: Unarmed           |   101 |   116 ||   217
  Throw: Javelin           |       |     3 ||     3
    Use: Potion            |       |     1 ||     1
 Armour: Robe              |    37 |       ||    37
         Gold dragon scale |       |    87 ||    87
  Dodge: Dodged            |    39 |     4 ||    43
  Block: Kite shield       |    28 |    34 ||    62
         Form:             |     1 |       ||     1
         Beast             |     1 |       ||     1

Table legend: (Time is in decaauts)
 A = Elapsed time spent in this place.
 B = Non-inter-level travel time spent in this place.
 C = Inter-level travel time spent in this place.
 D = Time resting spent in this place.
 E = Time spent auto-exploring this place.
 F = Levels seen in this place.
 G = Mean time per level.
                   A        B        C        D        E       F      G
               +--------+--------+--------+--------+--------+-----+--------+
         Total |   3399 |   3268 |    131 |      4 |   2646 |   7 |  485.6 |
       Dungeon |   3367 |   3249 |    118 |      4 |   2646 |   6 |  561.2 |
        Temple |     31 |     18 |     13 |      0 |      0 |   1 |   31.0 |
               +--------+--------+--------+--------+--------+-----+--------+

Top non-repeatable levels by time:
     D:3: 1103 daAuts
     D:1: 906 daAuts
     D:2: 584 daAuts
     D:4: 392 daAuts
     D:6: 349 daAuts
     D:5: 32 daAuts
  Temple: 31 daAuts
